 Dungeon Crawl Stone Soup version 0.32-a0-616-g9348d4545b (webtiles) character file.

Game seed: 14752040910859917098

163257 sleeves the Earth Mage (level 17, -28/111 HPs)
             Began as a Gargoyle Cinder Acolyte on Mar 5, 2024.
             Was an Initiate of Gozag.
             Killed by a resonance strike
             ... invoked by Zenata
              (40 damage)
             ... on level 1 of the Vaults on Mar 6, 2024.
             The game lasted 01:35:31 (37345 turns).

sleeves the Earth Mage (Gargoyle Cinder Acolyte)   Turns: 37345, Time: 01:35:32

Health: -28/111    AC: 31    Str: 19    XL:     17   Next: 53%
Magic:  3/36       EV: 11    Int: 33    God:    Gozag
Gold:   3191       SH:  0    Dex:  5    Spells: 11/46 levels left

rFire   + + .        e - +6 shortbow "Upuolug" {elec, rF+ Int+8}
rCold   + . .        (shield currently unavailable)
rNeg    + . .        L - +5 scale mail of the Kraken {rC+ Regen+ rCorr}
rPois   ∞            T - +0 hat {Will+}
rElec   +            p - +1 cloak of the Beloved God {Regen+ SInv}
rCorr   +            E - +0 pair of gloves of Pride {Rampage Int+3}
SInv    +            G - +0 pair of boots
Will    ++...        b - amulet of regeneration Stlth
                     W - ring of wizardry
HPRegen 2.78/turn    F - ring of protection from fire
MPRegen 0.25/turn

%: rampage, wizardry (x1)
@: gold aura, flying, studying Long Blades
A: sickness immunity, AC +12, big wings, negative energy resistance 1,
electricity resistance, torment resistance 1, petrification resistance
}: 1/15 runes: barnacled
a: Renounce Religion, Potion Petition, Call Merchant, Bribe Branch


You were on level 1 of the Vaults.
You worshipped Gozag.
Gozag was most pleased with you.
You visited 7 branches of the dungeon, and saw 29 of its levels.
You visited 1 bazaar.

You collected 5504 gold pieces.
You spent 1692 gold pieces at shops.
You paid 621 gold pieces to Gozag.

Inventory:

Hand Weapons
 e - the +6 shortbow "Upuolug" (weapon) {elec, rF+ Int+8}
   (You found it on level 2 of the Shoals)

   Int+8:     It affects your intelligence (+8).
   rF+:       It protects you from fire.
Armour
 j - the +3 ring mail of Moral Flaws {rC++ SInv Stlth-}
   (You found it on level 4 of the Shoals)

   rC++:      It greatly protects you from cold.
   SInv:      It lets you see invisible.
   Stlth-:    It makes you less stealthy.
 p - the +1 cloak of the Beloved God (worn) {Regen+ SInv}
   (You found it on level 2 of the Dungeon)

   SInv:      It lets you see invisible.
   Regen+:    It increases your rate of health regeneration.
 E - the +0 pair of gloves of Pride (worn) {Rampage Int+3}
   (You bought it in a shop in a bazaar)

   Int+3:     It affects your intelligence (+3).
   Rampage:   It bestows one free step when moving towards enemies.
 G - a +0 pair of boots (worn)
   (You found it on level 8 of the Dungeon)
 J - a +0 buckler
   (You took it off a gnoll sergeant on level 8 of the Dungeon)
 L - the +5 scale mail of the Kraken (worn) {rC+ Regen+ rCorr}
   (You bought it in a shop in a bazaar)

   rC+:       It protects you from cold.
   Regen+:    It increases your rate of health regeneration.
   rCorr:     It protects you from acid and corrosion.
 M - a +2 ring mail of fire resistance
   (You took it off an orc on level 9 of the Dungeon)
 Q - a scarf of resistance
   (You found it on level 14 of the Dungeon)
 T - a +0 hat of willpower (worn)
   (You took it off Gastronok on level 11 of the Dungeon)
Magical Staves
 a - a staff of conjuration
   (You found it on level 4 of the Dungeon)
Jewellery
 b - an amulet of regeneration (around neck)
   (You found it on level 15 of the Dungeon)
 n - a ring of positive energy
   (You found it on level 2 of the Dungeon)
 o - a ring of protection from cold
   (You found it on level 2 of the Dungeon)
 y - a ring of protection from fire
   (You found it on level 2 of the Lair of Beasts)
 F - a ring of protection from fire (right hand)
   (You found it on level 8 of the Dungeon)
 O - an amulet of the acrobat
   (You found it on level 10 of the Dungeon)
 W - a ring of wizardry (left hand)
   (You found it on level 12 of the Dungeon)
Wands
 g - a wand of digging (5)
   (You found it on level 3 of the Lair of Beasts)
 i - a wand of paralysis (6)
   (You found it on level 4 of the Shoals)
 A - a wand of quicksilver (3)
   (You found it on level 13 of the Dungeon)
 R - a wand of flame (14)
   (You found it on level 10 of the Dungeon)
 V - a wand of warping (8)
   (You took it off Psyche on level 11 of the Dungeon)
 Y - a wand of polymorph (5)
   (You found it on level 5 of the Lair of Beasts)
Scrolls
 d - 5 scrolls of blinking
 f - 3 scrolls of identify
 h - a scroll of amnesia
 l - 5 scrolls of teleportation
 m - 4 scrolls of revelation
 t - 6 scrolls of enchant armour
 u - 7 scrolls of fog
 v - a scroll of torment
 C - 2 scrolls of immolation
 K - 5 scrolls of enchant weapon
 N - a scroll of vulnerability {unknown}
 P - 2 scrolls of silence
 S - a scroll of brand weapon
Potions
 c - 8 potions of curing
 k - a potion of haste
 q - a potion of ambrosia {unknown}
 r - 4 potions of might
 s - 10 potions of heal wounds
 w - 3 potions of attraction
 x - 2 potions of invisibility
 z - a potion of magic
 B - 4 potions of cancellation
 D - 2 potions of enlightenment
 H - a potion of berserk rage
 I - 2 potions of mutation
 U - 3 potions of brilliance
 X - 3 potions of resistance
Miscellaneous
 Z - a phantom mirror (inert)
   (You found it on level 5 of the Lair of Beasts)


   Skills:
 + Level 14.1 Fighting
 - Level 3.0 Maces & Flails
 - Level 10.0 Armour
 - Level 10.0 Dodging
 - Level 5.0 Shields
 - Level 15.0 Spellcasting
 - Level 15.0 Conjurations
 - Level 3.0 Fire Magic
 - Level 15.0 Earth Magic


You had 11 spell levels left.
You knew the following spells:

 Your Spells              Type           Power      Damage    Failure   Level
a - Sandblast             Erth           100%       2d20      0%          1
b - Stone Arrow           Conj/Erth      100%       3d13      1%          3
c - Brom's Barrelling Bo  Conj/Erth      89%        2d10      1%          4
d - Passwall              Erth           89%        N/A       1%          3
e - Borgnjor's Vile Clut  Necr/Erth      32%        N/A       2%          5
f - Iskenderun's Battles  Conj           89%        2d14      1%          5
g - Fireball              Conj/Fire      35%        3d15      1%          5
h - Starburst             Conj/Fire      35%        6d10      6%          6
i - Blink                 Tloc           48%        N/A       2%          2
j - Apportation           Tloc           48%        N/A       1%          1

Your spell library contained the following spells:

 Spells                   Type           Power      Damage    Failure   Level
 Shock                    Conj/Air       100%       1d9       1%          1
 Sting                    Conj/Alch      100%       1d9       1%          1
 Summon Small Mammal      Summ           96%        N/A       1%          1
 Momentum Strike          Conj/Tloc      100%       3d10      1%          2
 Scorch                   Fire           88%        2d8       1%          2
 Dazzling Flash           Conj/Hex       100%       N/A       1%          3
 Fulminant Prism          Conj/Alch      32%        3d15      1%          4
 Iskenderun's Mystic Bla  Conj/Tloc      65%        2d13      1%          4
 Jinxbite                 Hex            48%        N/A       2%          2
 Lesser Beckoning         Tloc           48%        N/A       2%          2
 Mercury Vapours          Alch/Air       48%        N/A       2%          2
 Volatile Blastmotes      Fire/Tloc      68%        2d15      2%          3
 Orb of Destruction       Conj           44%        9d12      3%          7
 Call Canine Familiar     Summ           24%        N/A       4%          3
 Swiftness                Air            24%        N/A       4%          3
 Summon Blazeheart Golem  Fire/Summ      34%        N/A       9%          4
 Conjure Ball Lightning   Conj/Air       32%        3x3d10    12%         6
 Airstrike                Air            12%        2d(2-18)  16%         4
 Manifold Assault         Tloc           24%        N/A       16%         4
 Olgreb's Toxic Radiance  Alch           24%        N/A       16%         4
 Alistair's Intoxication  Alch           16%        N/A       41%         5
 Summon Forest            Summ/Tloc      12%        N/A       41%         5
 Death Channel            Necr           12%        N/A       91%         6
 Dispersal                Tloc           12%        N/A       91%         6
 Eringya's Noxious Bog    Alch           12%        4d6       91%         6
 Summon Hydra             Summ           12%        N/A       100%        7
 Disjunction              Tloc           12%        N/A       100%        8
 Maxwell's Capacitive Co  Air            12%        ∞         100%        8
 Animate Dead             Necr           Unusable   N/A       N/A         4

Dungeon Overview and Level Annotations

Branches:
Dungeon (15/15)            Temple (1/1) D:4            Lair (5/5) D:8
 Shoals (4/4) Lair:3       Spider (1/4) Lair:2        Slime (0/5) Lair:5
    Orc (2/2) D:12            Elf (0/3) Orc:2        Vaults (1/5) D:14
 Depths (0/4) D:15

Altars:
Ashenzari
Cheibriados
Dithmenos
Elyvilon
Fedhas
Gozag
Hepliaklqana
Kikubaaqudgha
Makhleb
Nemelex Xobeh
Okawaru
Qazlal
Ru
Sif Muna
Trog
Uskayaw
Vehumet
Wu Jian
Xom
Yredelemnul
Zin
The Shining One
Beogh
Jiyva
Lugonu

Shops:
D:3 :   D:12 (   Orc:2 ==!*   Shoals:1 *   Shoals:2 [*:?   Shoals:3 *

Portals:
Abyss: Lair:5

Annotations:
D:6 1 transporter
D:10 1 transporter, Posi's ghost, journeyman GnGl
D:11 Snorg
D:12 1 runed translucent door, DiddlyDoom's ghost, journeyman GrBe
D:13 exclusion: 2 downstairs
Lair:3 1 runed translucent door, Gryn's ghost, journeyman SpEE
Shoals:1 3 runed translucent doors, CougarLife's ghost, adept GrEE
Orc:2 Donald; Rupert; Sonja
Vaults:1 Zenata


Innate Abilities, Weirdness & Mutations

You are immune to sickness and miasma.
Your stone body is resilient. (AC +12)
You are immune to poison.
Your large and strong wings let you fly.
You resist negative energy. (rN+)
You are resistant to electric shocks. (rElec)
You are resistant to unholy torment.
You are immune to petrification.


Message History

Your pack is full.
You see here a box of beasts.
Autopickup disabled for boxes of beasts.
There is an open door here.
Found a glowing golden altar of the Shining One.
There is an open door here.
You see here a +2 shortbow of flaming.
You see here a +3 arbalest.
You see here the +3 ring mail of Moral Flaws {rC++ SInv Stlth-}.
Okay, then.
Okay, then.
You drop a +0 pair of gloves.
Okay, then.
You drop a +0 leather armour of cold resistance.
j - the +3 ring mail of Moral Flaws {rC++ SInv Stlth-}
There is an open door here.
You see here 6 stones.
Done exploring.
Done exploring.
Done exploring.
You see here 6 stones.
Items here: )) [[.
There is a stone staircase leading up here.
You fly upwards.
There is a stone staircase leading down here.
There is a stone staircase leading up here.
You fly upwards.
There is a stone staircase leading down here.
There is an entrance to Botoesk's Armour Shoppe here.
There is a stone staircase leading up here.
You fly upwards.
Level annotation: 3 runed translucent doors, CougarLife's ghost, adept GrEE
There is a stone staircase leading down here.
You see here a +0 orcbow.
You see here 4 stones.
There is a staircase back to the Lair here.
You fly upwards.
Welcome back to the Lair of Beasts!
Level annotation: 1 runed translucent door, Gryn's ghost, journeyman SpEE
There is a staircase to the Shoals here.
Okay, then.
What level of the Spider Nest? (default 1, ? - help)
There is a stone staircase leading up here.
You fly upwards.
There is a stone staircase leading down here.
You see here a yak skeleton.
You see here a bullfrog skeleton.
There is a hole to the Spider Nest here.
You fly downwards.
Welcome to the Spider Nest!
This branch contains the gossamer rune of Zot.
The wolf spider's many legs skitter.
There is a crawl-hole back to the Lair here.
There are monsters nearby!
Casting: Fireball (mildly dangerous; 1% risk of failure)
Confirm with . or Enter, or press ? or * to list all spells.
Aiming: Fireball (mildly dangerous; 1% risk of failure)
Press: ? - help, Shift-Dir - straight line The fireball explodes!
The fireball engulfs the torpor snail.
The torpor snail is lightly wounded.
The fireball engulfs the redback!!
The redback is almost dead.
The fireball engulfs the wolf spider!!
The wolf spider is heavily wounded.
Casting: Fireball (mildly dangerous; 1% risk of failure)
Confirm with . or Enter, or press ? or * to list all spells.
Aiming: Fireball (mildly dangerous; 1% risk of failure)
Press: ? - help, Shift-Dir - straight line The fireball explodes!
The fireball engulfs the redback!!
You kill the redback!
The fireball engulfs the wolf spider!!
You kill the wolf spider!
You hear a skittering sound.
Being near the torpor snail leaves you feeling lethargic.
A redback comes into view. x2
Casting: Fireball (mildly dangerous; 1% risk of failure)
Confirm with . or Enter, or press ? or * to list all spells.
Aiming: Fireball (mildly dangerous; 1% risk of failure)
Press: ? - help, Shift-Dir - straight line
Okay, then.
Casting: Fireball (mildly dangerous; 1% risk of failure)
Confirm with . or Enter, or press ? or * to list all spells.
You conjure a globe of magical energy.
Casting: Iskenderun's Battlesphere (safe; 1% risk of failure)
Confirm with . or Enter, or press ? or * to list all spells.
Aiming: Stone Arrow (safe; 1% risk of failure)
Press: ? - help, Shift-Dir - straight line, f - torpor snail
Aim: a torpor snail (lightly wounded, 100% to hit)
The stone arrow hits the torpor snail!
The torpor snail is moderately wounded.
Your battlesphere fires!
The barrage of energy hits the torpor snail.
The torpor snail is moderately wounded.
Casting: Stone Arrow (safe; 1% risk of failure)
Confirm with . or Enter, or press ? or * to list all spells.
Aiming: Fireball (mildly dangerous; 1% risk of failure)
Press: ? - help, Shift-Dir - straight line, p - torpor snail The fireball explodes!
The fireball engulfs the redback!!
You kill the redback!
The fireball engulfs the redback!
The redback is severely wounded.
You hear a skittering sound.
Your battlesphere fires!
The barrage of energy hits the torpor snail!
The torpor snail is heavily wounded.
Casting: Fireball (mildly dangerous; 1% risk of failure)
Confirm with . or Enter, or press ? or * to list all spells.
Aiming: Stone Arrow (safe; 1% risk of failure)
Press: ? - help, Shift-Dir - straight line, f - torpor snail
Aim: a torpor snail (heavily wounded, ally target, 100% to hit)
The stone arrow hits the torpor snail!
The torpor snail is almost dead.
The redback misses you. The redback bites you.
The torpor snail barely misses you.
Casting: Stone Arrow (safe; 1% risk of failure)
Confirm with . or Enter, or press ? or * to list all spells.
Aiming: Stone Arrow (safe; 1% risk of failure)
Press: ? - help, Shift-Dir - straight line, f - redback, p - torpor snail
Aim: a redback (severely wounded, 72% to hit)
The stone arrow misses the redback.
Your battlesphere fires!
The barrage of energy hits the torpor snail!
The torpor snail is almost dead.
The redback closely misses you.
A wolf spider comes into view.
The redback closely misses you. The torpor snail closely misses you.
The redback barely misses you.
Casting: Stone Arrow (safe; 1% risk of failure)
Confirm with . or Enter, or press ? or * to list all spells.
Aiming: Stone Arrow (safe; 1% risk of failure)
Press: ? - help, Shift-Dir - straight line, f/p - redback
Aim: a redback (severely wounded, 72% to hit)
The stone arrow hits the redback!!
You kill the redback!
* * * LOW MAGIC WARNING * * *
Your battlesphere fires!
The barrage of energy hits the torpor snail!!
You kill the torpor snail!
Your battlesphere expends the last of its energy and dissipates.
You feel yourself speed up.
The wolf spider hits you but does no damage.
The wolf spider bites you but does no damage.
You fly upwards.
Welcome back to the Lair of Beasts!
There is a hole to the Spider Nest here.
You start resting.
Magic restored.
You start waiting.
Done waiting.
You fly downwards.
Welcome back to the Spider Nest!
This branch contains the gossamer rune of Zot.
The wolf spider completely misses you. The wolf spider bites you.
The wolf spider hits you but does no damage.
The wolf spider barely misses you.
There is a crawl-hole back to the Lair here.
Casting: Stone Arrow (safe; 1% risk of failure)
Confirm with . or Enter, or press ? or * to list all spells.
You conjure a globe of magical energy.
The wolf spider hits you but does no damage.
The wolf spider bites you but does no damage.
The wolf spider hits you! The wolf spider bites you!
The fireball explodes!
The fireball engulfs the wolf spider!!
The wolf spider is heavily wounded.
Your battlesphere fires!
The barrage of energy hits the wolf spider!!
The wolf spider is almost dead.
The wolf spider hits you but does no damage.
The wolf spider bites you but does no damage.
Casting: Fireball (mildly dangerous; 1% risk of failure)
Confirm with . or Enter, or press ? or * to list all spells.
Aiming: Sandblast (safe; 0% risk of failure)
Press: ? - help, Shift-Dir - straight line, f - wolf spider
Aim: a wolf spider (severely wounded, ally target, 85% to hit)
The blast of sand hits the wolf spider!
You kill the wolf spider!
HP restored.
Magic restored.
You swap places.
You now have 2982 gold pieces (gained 6).
You now have 2988 gold pieces (gained 6).
You now have enough gold to bribe branches to halt enemies' attacks and recruit allies.
You now have 3003 gold pieces (gained 15).
Your battlesphere wavers and loses cohesion.
You now have 3012 gold pieces (gained 9).
You now have 3020 gold pieces (gained 8).
You now have 3026 gold pieces (gained 6).
You now have 3043 gold pieces (gained 17).
A redback comes into view.
A redback is nearby!
Casting: Sandblast (safe; 0% risk of failure)
Confirm with . or Enter, or press ? or * to list all spells.
You conjure a globe of magical energy.
Casting: Iskenderun's Battlesphere (safe; 1% risk of failure)
Confirm with . or Enter, or press ? or * to list all spells.
Aiming: Sandblast (safe; 0% risk of failure)
Press: ? - help, Shift-Dir - straight line, f - redback
Aim: a redback (82% to hit)
The blast of sand hits the redback!!!
You kill the redback!
Casting: Sandblast (safe; 0% risk of failure)
Confirm with . or Enter, or press ? or * to list all spells.
You don't know that spell.
A wolf spider comes into view.
The wolf spider's many legs skitter.
A wolf spider is nearby!
A wolf spider is nearby!
Casting: Sandblast (safe; 0% risk of failure)
Confirm with . or Enter, or press ? or * to list all spells.
Aiming: Sandblast (safe; 0% risk of failure)
Press: ? - help, Shift-Dir - straight line, f - wolf spider
Aim: a wolf spider (85% to hit)
The blast of sand hits the wolf spider!
The wolf spider is lightly wounded.
Casting: Sandblast (safe; 0% risk of failure)
Confirm with . or Enter, or press ? or * to list all spells.
You don't know that spell.
Unknown command.
The wolf spider attacks as it pursues you!
The wolf spider barely misses you.
The wolf spider bites you but does no damage.
Casting: Sandblast (safe; 0% risk of failure)
Confirm with . or Enter, or press ? or * to list all spells.
Aiming: Sandblast (safe; 0% risk of failure)
Press: ? - help, Shift-Dir - straight line, f/p - wolf spider
Aim: a wolf spider (lightly wounded, 85% to hit)
The blast of sand hits the wolf spider!!
The wolf spider is heavily wounded.
Your battlesphere fires!
The barrage of energy hits the wolf spider!
The wolf spider is severely wounded.
The wolf spider misses you.
The wolf spider bites you but does no damage.
The wolf spider hits you but does no damage.
The wolf spider misses you.
Casting: Sandblast (safe; 0% risk of failure)
Confirm with . or Enter, or press ? or * to list all spells.
Aiming: Sandblast (safe; 0% risk of failure)
Press: ? - help, Shift-Dir - straight line, f/p - wolf spider
Aim: a wolf spider (severely wounded, ally target, 85% to hit)
The blast of sand hits the wolf spider!
The wolf spider is almost dead.
Your battlesphere fires!
The barrage of energy hits the wolf spider!
You kill the wolf spider!
You now have 3049 gold pieces (gained 6).
You now have 3075 gold pieces (gained 26).
You now have 3081 gold pieces (gained 6).
Found a stone staircase leading down.
A torpor snail comes into view.
Your battlesphere wavers and loses cohesion.
The torpor snail moves out of view.
Being near the torpor snail leaves you feeling lethargic.
Casting: Sandblast (safe; 0% risk of failure)
Confirm with . or Enter, or press ? or * to list all spells.
You conjure a globe of magical energy.
The torpor snail bites you!
Casting: Iskenderun's Battlesphere (safe; 1% risk of failure)
Confirm with . or Enter, or press ? or * to list all spells.
Aiming: Sandblast (safe; 0% risk of failure)
Press: ? - help, Shift-Dir - straight line, f - torpor snail
Aim: a torpor snail (100% to hit)
The blast of sand hits the torpor snail!
The torpor snail is lightly wounded.
The torpor snail bites you but does no damage.
Casting: Sandblast (safe; 0% risk of failure)
Confirm with . or Enter, or press ? or * to list all spells.
Aiming: Sandblast (safe; 0% risk of failure)
Press: ? - help, Shift-Dir - straight line, f/p - torpor snail
Aim: a torpor snail (lightly wounded, 100% to hit)
The blast of sand hits the torpor snail.
The torpor snail is moderately wounded.
Your battlesphere fires!
The barrage of energy hits the torpor snail.
The torpor snail is moderately wounded.
The torpor snail barely misses you. The torpor snail bites you.
Casting: Sandblast (safe; 0% risk of failure)
Confirm with . or Enter, or press ? or * to list all spells.
Aiming: Sandblast (safe; 0% risk of failure)
Press: ? - help, Shift-Dir - straight line, f/p - torpor snail
Aim: a torpor snail (moderately wounded, ally target, 100% to hit)
The blast of sand hits the torpor snail.
The torpor snail is moderately wounded.
Your battlesphere fires!
The barrage of energy hits the torpor snail!
The torpor snail is heavily wounded.
The torpor snail misses you.
Casting: Sandblast (safe; 0% risk of failure)
Confirm with . or Enter, or press ? or * to list all spells.
Aiming: Sandblast (safe; 0% risk of failure)
Press: ? - help, Shift-Dir - straight line, f/p - torpor snail
Aim: a torpor snail (heavily wounded, ally target, 100% to hit)
The blast of sand hits the torpor snail!
The torpor snail is severely wounded.
Your battlesphere fires!
The barrage of energy hits the torpor snail.
The torpor snail is severely wounded.
The torpor snail barely misses you.
The torpor snail bites you but does no damage.
Casting: Sandblast (safe; 0% risk of failure)
Confirm with . or Enter, or press ? or * to list all spells.
Aiming: Sandblast (safe; 0% risk of failure)
Press: ? - help, Shift-Dir - straight line, f/p - torpor snail
Aim: a torpor snail (severely wounded, ally target, 100% to hit)
The blast of sand hits the torpor snail but does no damage.
The torpor snail is severely wounded.
Your battlesphere fires!
The barrage of energy hits the torpor snail!
The torpor snail is almost dead.
The torpor snail bites you!
Casting: Sandblast (safe; 0% risk of failure)
Confirm with . or Enter, or press ? or * to list all spells.
Aiming: Sandblast (safe; 0% risk of failure)
Press: ? - help, Shift-Dir - straight line, f/p - torpor snail
Aim: a torpor snail (almost dead, ally target, 100% to hit)
The blast of sand hits the torpor snail!!
You kill the torpor snail!
You feel yourself speed up.
You now have 3094 gold pieces (gained 13).
Your battlesphere wavers and loses cohesion.
Found a leather armour.
N - a scroll labelled WIWA AWOGAACIT A demonic crawler comes into view.
The demonic crawler gives a hideous shriek!
Casting: Sandblast (safe; 0% risk of failure)
Confirm with . or Enter, or press ? or * to list all spells.
You conjure a globe of magical energy.
Casting: Iskenderun's Battlesphere (safe; 1% risk of failure)
Confirm with . or Enter, or press ? or * to list all spells.
Okay, then.
Casting: Iskenderun's Battlesphere (safe; 1% risk of failure)
Confirm with . or Enter, or press ? or * to list all spells.
Aiming: Stone Arrow (safe; 1% risk of failure)
Press: ? - help, Shift-Dir - straight line, f - demonic crawler
Aim: a demonic crawler (89% to hit)
The stone arrow hits the demonic crawler!!
The demonic crawler is heavily wounded.
Your battlesphere fires!
The barrage of energy hits the demonic crawler but does no damage.
The demonic crawler is heavily wounded.
Casting: Stone Arrow (safe; 1% risk of failure)
Confirm with . or Enter, or press ? or * to list all spells.
Aiming: Stone Arrow (safe; 1% risk of failure)
Press: ? - help, Shift-Dir - straight line, f/p - demonic crawler
Aim: a demonic crawler (moderately wounded, ally target, 89% to hit)
The stone arrow hits the demonic crawler.
The demonic crawler is moderately wounded.
Your battlesphere fires!
The barrage of energy hits the demonic crawler but does no damage.
The demonic crawler is moderately wounded.
The demonic crawler hits you but does no damage. x3
Casting: Stone Arrow (safe; 1% risk of failure)
Confirm with . or Enter, or press ? or * to list all spells.
Aiming: Stone Arrow (safe; 1% risk of failure)
Press: ? - help, Shift-Dir - straight line, f/p - demonic crawler
Aim: a demonic crawler (moderately wounded, ally target, 89% to hit)
The stone arrow hits the demonic crawler!!
The demonic crawler is severely wounded.
Your battlesphere fires!
The barrage of energy hits the demonic crawler!
The demonic crawler is almost dead.
The demonic crawler closely misses you.
The demonic crawler hits you but does no damage. x3
The demonic crawler closely misses you.
The demonic crawler hits you but does no damage.
Casting: Stone Arrow (safe; 1% risk of failure)
Confirm with . or Enter, or press ? or * to list all spells.
Aiming: Stone Arrow (safe; 1% risk of failure)
Press: ? - help, Shift-Dir - straight line, f/p - demonic crawler
Aim: a demonic crawler (severely wounded, ally target, 89% to hit)
The stone arrow hits the demonic crawler!
The demonic crawler is almost dead.
Your battlesphere fires!
The barrage of energy hits the demonic crawler!!
You kill the demonic crawler!
Your battlesphere wavers and loses cohesion.
You now have 3107 gold pieces (gained 13).
A tarantella comes into view.
The tarantella's many legs skitter faintly.
You hear a faint skittering sound.
A jumping spider comes into view. x2
You hear a faint skittering sound.
There are monsters nearby!
There are monsters nearby!
Casting: Stone Arrow (safe; 1% risk of failure)
Confirm with . or Enter, or press ? or * to list all spells.
You conjure a globe of magical energy.
The jumping spider leaps!
A jumping spider comes into view.
The jumping spider leaps!
You swap places.
The jumping spider pounces on your battlesphere!!
The jumping spider bites your battlesphere.
The jumping spider leaps!
Casting: Iskenderun's Battlesphere (safe; 1% risk of failure)
Confirm with . or Enter, or press ? or * to list all spells.
Aiming: Fireball (mildly dangerous; 1% risk of failure)
Press: ? - help, Shift-Dir - straight line The fireball explodes!
The fireball engulfs the tarantella!!!
You kill the tarantella!
You hear a faint skittering sound.
Your battlesphere fires!
The barrage of energy hits the jumping spider!
The jumping spider is moderately wounded.
The jumping spider pounces on you.
The jumping spider barely misses you. x2
The jumping spider closely misses you.
The jumping spider pounces on you but does no damage.
The jumping spider misses you.
Casting: Fireball (mildly dangerous; 1% risk of failure)
Confirm with . or Enter, or press ? or * to list all spells.
Aiming: Sandblast (safe; 0% risk of failure)
Press: ? - help, Shift-Dir - straight line, f - jumping spider
Aim: a jumping spider (moderately wounded, 82% to hit)
The blast of sand hits the jumping spider!!
The jumping spider is almost dead.
Your battlesphere fires!
The barrage of energy hits the jumping spider!
You kill the jumping spider!
A jumping spider comes into view.
Casting: Sandblast (safe; 0% risk of failure)
Confirm with . or Enter, or press ? or * to list all spells.
Aiming: Sandblast (safe; 0% risk of failure)
Press: ? - help, Shift-Dir - straight line, f - jumping spider
Aim: a jumping spider (82% to hit)
The blast of sand misses the jumping spider.
Your battlesphere fires!
The barrage of energy hits the jumping spider!
The jumping spider is moderately wounded.
The jumping spider leaps!
Casting: Sandblast (safe; 0% risk of failure)
Confirm with . or Enter, or press ? or * to list all spells.
Aiming: Sandblast (safe; 0% risk of failure)
Press: ? - help, Shift-Dir - straight line, f/p - jumping spider
Aim: a jumping spider (lightly wounded, ally target, 82% to hit)
The blast of sand hits the jumping spider!!
The jumping spider is almost dead.
Your battlesphere fires!
The barrage of energy hits the jumping spider!
You kill the jumping spider!
Your battlesphere expends the last of its energy and dissipates.
Casting: Sandblast (safe; 0% risk of failure)
Confirm with . or Enter, or press ? or * to list all spells.
Aiming: Sandblast (safe; 0% risk of failure)
Press: ? - help, Shift-Dir - straight line, f - jumping spider
Aim: a jumping spider (82% to hit)
The blast of sand misses the jumping spider.
Casting: Sandblast (safe; 0% risk of failure)
Confirm with . or Enter, or press ? or * to list all spells.
You conjure a globe of magical energy.
The jumping spider pounces on you but does no damage.
The jumping spider closely misses you.
The jumping spider pounces on you but does no damage.
The jumping spider barely misses you. The jumping spider pounces on you!
The jumping spider misses you.
Casting: Iskenderun's Battlesphere (safe; 1% risk of failure)
Confirm with . or Enter, or press ? or * to list all spells.
Aiming: Sandblast (safe; 0% risk of failure)
Press: ? - help, Shift-Dir - straight line, f/p - jumping spider
Aim: a jumping spider (82% to hit)
The blast of sand hits the jumping spider!!
The jumping spider is severely wounded.
Your battlesphere fires!
The barrage of energy hits the jumping spider!
The jumping spider is heavily wounded.
The jumping spider pounces on you.
You are caught in a web!
The jumping spider bites you but does no damage.
The jumping spider closely misses you.
The jumping spider bites you but does no damage.
The jumping spider leaps!
The jumping spider pounces on you but does no damage.
The jumping spider bites you but does no damage.
Casting: Sandblast (safe; 0% risk of failure)
Confirm with . or Enter, or press ? or * to list all spells.
Aiming: Sandblast (safe; 0% risk of failure)
Press: ? - help, Shift-Dir - straight line, f/p - jumping spider
Aim: a jumping spider (severely wounded, 82% to hit)
The blast of sand misses the jumping spider.
Your battlesphere fires!
The barrage of energy hits the jumping spider but does no damage.
The jumping spider is heavily wounded.
The jumping spider leaps!
The jumping spider pounces on you but does no damage.
The jumping spider barely misses you.
The jumping spider pounces on you but does no damage.
The jumping spider bites you but does no damage.
Casting: Sandblast (safe; 0% risk of failure)
Confirm with . or Enter, or press ? or * to list all spells.
Aiming: Sandblast (safe; 0% risk of failure)
Press: ? - help, Shift-Dir - straight line, f/p - jumping spider
Aim: a jumping spider (severely wounded, 82% to hit)
The blast of sand hits the jumping spider!
The jumping spider is almost dead.
Your battlesphere fires!
The barrage of energy hits the jumping spider!
The jumping spider is severely wounded.
The jumping spider leaps! x3; The jumping spider pounces on you.
The jumping spider bites you but does no damage.
Casting: Sandblast (safe; 0% risk of failure)
Confirm with . or Enter, or press ? or * to list all spells.
Aiming: Sandblast (safe; 0% risk of failure)
Press: ? - help, Shift-Dir - straight line, f/p - jumping spider
Aim: a jumping spider (almost dead, 82% to hit)
The blast of sand misses the jumping spider.
Your battlesphere fires!
The barrage of energy hits the jumping spider.
You kill the jumping spider!
The web tears apart.
The jumping spider leaps!
Casting: Sandblast (safe; 0% risk of failure)
Confirm with . or Enter, or press ? or * to list all spells.
Aiming: Sandblast (safe; 0% risk of failure)
Press: ? - help, Shift-Dir - straight line, f - jumping spider
Aim: a jumping spider (severely wounded, 82% to hit)
The blast of sand hits the jumping spider!!
You kill the jumping spider!
A redback comes into view.
The redback moves out of view.
A redback is nearby!
A redback is nearby!
Casting: Sandblast (safe; 0% risk of failure)
Confirm with . or Enter, or press ? or * to list all spells.
Aiming: Sandblast (safe; 0% risk of failure)
Press: ? - help, Shift-Dir - straight line, f - redback
Aim: a redback (82% to hit)
The blast of sand hits the redback!!
You kill the redback!
Your battlesphere wavers and loses cohesion.
You now have 3114 gold pieces (gained 7).
You now have 3121 gold pieces (gained 7).
You now have 3129 gold pieces (gained 8).
You now have 3132 gold pieces (gained 3).
You now have 3138 gold pieces (gained 6).
You now have 3143 gold pieces (gained 5).
A jumping spider and a demonic crawler come into view.
The jumping spider's many legs skitter faintly.
The demonic crawler gives a hideous shriek!
There are monsters nearby!
There are monsters nearby!
Casting: Sandblast (safe; 0% risk of failure)
Confirm with . or Enter, or press ? or * to list all spells.
You conjure a globe of magical energy.
The demonic crawler hits you but does no damage. x2
The demonic crawler completely misses you.
Casting: Iskenderun's Battlesphere (safe; 1% risk of failure)
Confirm with . or Enter, or press ? or * to list all spells.
Aiming: Stone Arrow (safe; 1% risk of failure)
Press: ? - help, Shift-Dir - straight line, f - demonic crawler
Aim: a demonic crawler (89% to hit)
The stone arrow hits the demonic crawler!
The demonic crawler is moderately wounded.
The demonic crawler hits you but does no damage.
The demonic crawler hits you. x2
Casting: Stone Arrow (safe; 1% risk of failure)
Confirm with . or Enter, or press ? or * to list all spells.
Aiming: Stone Arrow (safe; 1% risk of failure)
Press: ? - help, Shift-Dir - straight line, f/p - demonic crawler
Aim: a demonic crawler (lightly wounded, 89% to hit)
The stone arrow hits the demonic crawler!!
The demonic crawler is heavily wounded.
Your battlesphere passes through a web.
The demonic crawler hits you but does no damage. x3
Casting: Stone Arrow (safe; 1% risk of failure)
Confirm with . or Enter, or press ? or * to list all spells.
Aiming: Stone Arrow (safe; 1% risk of failure)
Press: ? - help, Shift-Dir - straight line, f/p - demonic crawler
Aim: a demonic crawler (moderately wounded, 89% to hit)
The stone arrow hits the demonic crawler!
The demonic crawler is severely wounded.
Your battlesphere fires!
The barrage of energy hits the demonic crawler!
The demonic crawler is almost dead.
The demonic crawler hits you but does no damage. x3
The jumping spider leaps!
The demonic crawler closely misses you.
The demonic crawler hits you but does no damage.
The demonic crawler closely misses you.
Casting: Stone Arrow (safe; 1% risk of failure)
Confirm with . or Enter, or press ? or * to list all spells.
Aiming: Stone Arrow (safe; 1% risk of failure)
Press: ? - help, Shift-Dir - straight line, f/p - demonic crawler
Aim: a demonic crawler (severely wounded, ally target, 89% to hit)
The stone arrow hits the demonic crawler!!
The demonic crawler is almost dead.
You hear a faint skittering sound.
Your battlesphere fires!
The barrage of energy hits the demonic crawler.
You kill the demonic crawler!
You hear a faint skittering sound.
Casting: Stone Arrow (safe; 1% risk of failure)
Confirm with . or Enter, or press ? or * to list all spells.
Aiming: Stone Arrow (safe; 1% risk of failure)
Press: ? - help, Shift-Dir - straight line, f - jumping spider
Aim: a jumping spider (72% to hit)
The stone arrow hits the jumping spider!
The jumping spider is moderately wounded.
Your battlesphere fires!
The barrage of energy hits the jumping spider!
The jumping spider is severely wounded.
A culicivora comes into view.
The jumping spider pounces on you but does no damage.
The jumping spider bites you but does no damage.
Casting: Stone Arrow (safe; 1% risk of failure)
Confirm with . or Enter, or press ? or * to list all spells.
Aiming: Stone Arrow (safe; 1% risk of failure)
Press: ? - help, Shift-Dir - straight line, f - culicivora, p - jumping spider
Aim: a culicivora (61% to hit)
The stone arrow hits the culicivora!
The culicivora is lightly wounded.
Your battlesphere fires!
The barrage of energy hits the jumping spider!
You kill the jumping spider!
Your battlesphere expends the last of its energy and dissipates.
The culicivora bites you but does no damage.
Casting: Stone Arrow (safe; 1% risk of failure)
Confirm with . or Enter, or press ? or * to list all spells.
Aiming: Stone Arrow (safe; 1% risk of failure)
Press: ? - help, Shift-Dir - straight line, f/p - culicivora
Aim: a culicivora (lightly wounded, 61% to hit)
The stone arrow hits the culicivora!!
The culicivora is almost dead.
The culicivora closely misses you. The culicivora bites you!!
Casting: Stone Arrow (safe; 1% risk of failure)
Confirm with . or Enter, or press ? or * to list all spells.
You don't know that spell.
You shoot an arrow. The arrow barely misses the culicivora.
The culicivora closely misses you. The culicivora bites you.
You shoot an arrow.
The arrow hits the culicivora but does no damage.
The culicivora is almost dead.
You hear a faint skittering sound.
The culicivora bites you but does no damage. x2
Casting: Stone Arrow (safe; 1% risk of failure)
Confirm with . or Enter, or press ? or * to list all spells.
Aiming: Stone Arrow (safe; 1% risk of failure)
Press: ? - help, Shift-Dir - straight line, f/p - culicivora
Aim: a culicivora (almost dead, 61% to hit)
The stone arrow hits the culicivora!
You kill the culicivora!
An orb spider comes into view.
You see here 7 gold pieces.
The orb spider spins a strand of pure energy.
The orb spider weaves a glowing orb of energy.
An orb of destruction comes into view.
You start resting.
An orb spider is nearby!
Casting: Stone Arrow (safe; 1% risk of failure)
Confirm with . or Enter, or press ? or * to list all spells.
You conjure a globe of magical energy.
* * * LOW MAGIC WARNING * * *
Casting: Iskenderun's Battlesphere (safe; 1% risk of failure)
Confirm with . or Enter, or press ? or * to list all spells.
Aiming: Sandblast (safe; 0% risk of failure)
Press: ? - help, Shift-Dir - straight line, f - orb spider
Aim: an orb spider (85% to hit)
The blast of sand hits the orb spider!!
The orb spider is heavily wounded.
* * * LOW MAGIC WARNING * * *
Casting: Sandblast (safe; 0% risk of failure)
Confirm with . or Enter, or press ? or * to list all spells.
Aiming: Sandblast (safe; 0% risk of failure)
Press: ? - help, Shift-Dir - straight line, f/p - orb spider
Aim: an orb spider (heavily wounded, 85% to hit)
The blast of sand hits the orb spider!
The orb spider is severely wounded.
* * * LOW MAGIC WARNING * * *
The orb spider pulsates with a strange energy.
Casting: Sandblast (safe; 0% risk of failure)
Confirm with . or Enter, or press ? or * to list all spells.
Aiming: Sandblast (safe; 0% risk of failure)
Press: ? - help, Shift-Dir - straight line, f/p - orb spider
Aim: an orb spider (heavily wounded, fully charged, 85% to hit)
The blast of sand hits the orb spider.
The orb spider is severely wounded.
* * * LOW MAGIC WARNING * * *
Your battlesphere fires!
The barrage of energy hits the orb spider!
The orb spider is almost dead.
The orb spider weaves a glowing orb of energy.
An orb of destruction comes into view.
Casting: Sandblast (safe; 0% risk of failure)
Confirm with . or Enter, or press ? or * to list all spells.
Aiming: Sandblast (safe; 0% risk of failure)
Press: ? - help, Shift-Dir - straight line, f/p - orb spider
Aim: an orb spider (almost dead, ally target, 85% to hit)
The blast of sand hits the orb spider!!
You kill the orb spider!
* * * LOW MAGIC WARNING * * *
The orb of destruction hits a rock wall.
Your Fighting skill increases to level 14!
Your battlesphere wavers and loses cohesion.
Magic restored.
You now have 3148 gold pieces (gained 5).
You now have 3155 gold pieces (gained 7).
You now have 3176 gold pieces (gained 21).
An electric eel comes into view.
The electric eel shoots out a bolt of lightning at you!
The bolt of electricity misses you.
You see here a scroll of identify.
An electric eel is nearby!
A ghost moth comes into view.
The electric eel shoots out a bolt of lightning at you!
The bolt of electricity hits you. You resist.
Okay, then.
The electric eel shoots out a bolt of lightning at you!
The bolt of electricity hits you. You resist.
Okay, then.
What level of the Orcish Mines? (default 1, ? - help)
Okay, then.
What level of the Orcish Mines? (default 1, ? - help)
There is a crawl-hole back to the Lair here.
You fly upwards.
Welcome back to the Lair of Beasts!
There is a hole to the Spider Nest here.
You see here a bullfrog skeleton.
There is a stone staircase leading up here.
You fly upwards.
There is a stone staircase leading down here.
You see here a +0 chain mail.
There is a staircase back to the Dungeon here.
You fly upwards.
Welcome back to the Dungeon!
There is a staircase to the Lair here.
There is an open door here.
Things that are here:
a +0 shortbow; a centaur skeleton
There is a stone staircase leading down here.
You fly downwards.
There is a stone staircase leading up here.
There is a stone staircase leading down here.
You fly downwards.
Level annotation: 1 transporter, Posi's ghost, journeyman GnGl
There is a stone staircase leading up here.
There is a stone staircase leading down here.
You fly downwards.
Level annotation: Snorg
There is a stone staircase leading up here.
There is a stone staircase leading down here.
You fly downwards.
Level annotation: 1 runed translucent door, DiddlyDoom's ghost, journeyman GrBe
There is a stone staircase leading up here.
Things that are here:
a +0 leather armour; a +0 short sword
There is a staircase to the Orcish Mines here.
You fly downwards.
Welcome back to the Orcish Mines!
There is a staircase back to the Dungeon here.
Items here: )) [[.
Things that are here:
a +0 chain mail; a +0 scimitar
Things that are here:
a +0 robe; a +0 dagger You see here a +0 dagger.
Items here: )) [[.
There is a stone staircase leading down, spattered with blood here.
Things that are here:
a +0 plate armour; a +2 scimitar of flaming
Okay, then.
Okay, then.
Okay, then.
Okay, then.
Okay, then.
What level of the Vaults? (default 1, ? - help)
Items here: )) [[.
There is a roughly hewn altar of Beogh here.
Things that are here:
a +0 robe; a +0 dagger
Things that are here:
a +0 hand axe; a +0 robe; a +0 dagger
There is a staircase back to the Dungeon here.
You fly upwards.
Welcome back to the Dungeon!
Level annotation: 1 runed translucent door, DiddlyDoom's ghost, journeyman GrBe
There is a staircase to the Orcish Mines here.
Things that are here:
a +0 leather armour; a +0 short sword
Items here: )) [[ ÷÷.
Things that are here:
a +0 antimagic hand axe; an orc skeleton You now have 3185 gold pieces (gained 9).
Things that are here:
a +0 robe; a +0 dagger
There is a stone staircase leading down here.
You fly downwards.
Level annotation: exclusion: 2 downstairs
There is a stone staircase leading up here.
There is a stone staircase leading down here.
You fly downwards.
There is a stone staircase leading up here.
There is an open door here.
There is an open door here.
There is an open door here.
You see here a +0 war axe.
Things that are here:
a +0 mace; a +0 shortbow You see here a +0 orcbow.
There is a gate to the Vaults here.
You fly down through the gate.
Welcome to the Vaults!
This branch contains the silver rune of Zot.
There is a gate leading back out of this place here.
Okay, then.
You reach down and open the door.
There is an open door here.
A vault sentinel comes into view. It is wielding a +0 war axe.
The vault sentinel shouts!
The vault sentinel blows a loud note on a signal horn!
Casting: Sandblast (safe; 0% risk of failure)
Confirm with . or Enter, or press ? or * to list all spells.
You conjure a globe of magical energy.
The fireball explodes!
The fireball engulfs the vault sentinel!!
The vault sentinel is heavily wounded.
Your battlesphere fires!
The barrage of energy hits the vault sentinel!
The vault sentinel is severely wounded.
The fireball explodes!
The fireball engulfs the vault sentinel!!
You kill the vault sentinel!
Your battlesphere wavers and loses cohesion.
Magic restored.
You now have 3191 gold pieces (gained 6).
Things that are here:
a +0 war axe; a +0 scale mail You reach down and open the door.
There is an open door here.
There is an open door here.
You reach down and open the door.
There is an open door here.
There is an open door here.
Found a stone staircase leading down.
Zenata and a yaktaur captain come into view.
Zenata shouts!
The yaktaur captain shouts!
The yaktaur captain wields a +0 arbalest.
The yaktaur captain shoots a bolt.
The bolt hits you!
Press: ? - help, v - describe, . - travel The floor.
Unknown command.
Unknown command.
Okay, then.
Zenata gestures, and weapons take to the air!
Zenata points at you and mumbles some strange words.
A blast of power from the earth strikes you!
The +1 short sword of venom misses you.
The +1 short sword of venom attacks as it pursues you!
The +1 short sword of venom hits you but does no damage.
The +1 short sword of venom closely misses you.
The +1 short sword of venom hits you but does no damage.
There is an open door here.
The +1 short sword of venom hits you but does no damage.
The +1 short sword of venom hits you.
The +1 short sword of venom attacks as it pursues you!
The +1 short sword of venom hits you but does no damage. x3
The +1 short sword of venom hits you but does no damage. x2
The +1 short sword of venom hits you but does no damage.
The +1 short sword of venom hits you but does no damage. x3
The +1 short sword of venom attacks as it pursues you!
The +1 short sword of venom hits you but does no damage. x2
The +1 short sword of venom attacks as it pursues you!
The +1 short sword of venom completely misses you.
The +1 short sword of venom hits you!
The +1 short sword of venom hits you but does no damage.
There is an open door here.
The +1 short sword of venom barely misses you.
The +1 short sword of venom hits you!
The +1 short sword of venom hits you but does no damage.
The +1 short sword of venom hits you but does no damage.
The +1 short sword of venom hits you but does no damage.
The +1 short sword of venom barely misses you.
There is a gate leading back out of this place here.
The +1 short sword of venom hits you!
The +1 short sword of venom hits you but does no damage. x2
You fly up through the gate.
Welcome back to the Dungeon!
There is a gate to the Vaults here.
You start resting.
HP restored.
You fly down through the gate.
Welcome back to the Vaults!
This branch contains the silver rune of Zot.
Level annotation: Zenata The +1 short sword of venom hits you.
The +1 short sword of venom hits you but does no damage. x4
There is a gate leading back out of this place here.
The +1 short sword of venom completely misses you.
The +1 short sword of venom hits you.
The +1 short sword of venom hits you but does no damage.
You fly up through the gate.
Welcome back to the Dungeon!
There is a gate to the Vaults here.
You fly down through the gate.
Welcome back to the Vaults!
This branch contains the silver rune of Zot.
Level annotation: Zenata
There is a gate leading back out of this place here.
Casting: Fireball (mildly dangerous; 1% risk of failure)
Confirm with . or Enter, or press ? or * to list all spells.
You conjure a globe of magical energy.
The fireball explodes!
The fireball engulfs the yaktaur captain!
The yaktaur captain is moderately wounded.
Your battlesphere fires!
The barrage of energy hits the yaktaur captain!
The yaktaur captain is moderately wounded.
The yaktaur captain shoots a bolt.
The bolt hits you!!
The fireball explodes!
The fireball engulfs the yaktaur captain!!
The yaktaur captain is severely wounded.
The fireball engulfs Zenata!
Zenata is lightly wounded.
Your battlesphere fires!
The barrage of energy hits the yaktaur captain!
The yaktaur captain is almost dead.
The yaktaur captain shoots a bolt.
The bolt hits you but does no damage.
The fireball explodes!
The fireball engulfs the yaktaur captain!
You kill the yaktaur captain!
The fireball explodes!
The fireball engulfs Zenata!
Zenata is moderately wounded.
Your battlesphere fires!
The barrage of energy hits Zenata!!
Zenata is moderately wounded.
Aiming: Phantom Mirror
Press: ? - help, Dir - move target, f/p - Zenata
Aim: Zenata, wielding a +4 triple sword and wearing a +0 ring mail (moderately wounded, ally target)
You reflect Zenata with the mirror!
The mirror clouds!
Zenata hits Zenata with a +4 triple sword!!
Zenata casts a spell.
Send 'em back where they came from!
Zenata shimmers and vanishes!
The fireball explodes!
The fireball engulfs Zenata!!
Zenata is severely wounded.
* * * LOW MAGIC WARNING * * *
Your battlesphere fires!
The barrage of energy hits Zenata!
Zenata is severely wounded.
Zenata gestures at you while chanting.
A blast of power from the earth strikes you!
The fireball explodes!
The fireball engulfs Zenata!!
Zenata is almost dead.
* * * LOW MAGIC WARNING * * *
Your battlesphere fires!
The barrage of energy hits Zenata.
Zenata is almost dead.
Casting: Fireball (mildly dangerous; 1% risk of failure)
Confirm with . or Enter, or press ? or * to list all spells.
Aiming: Sandblast (safe; 0% risk of failure)
Press: ? - help, Shift-Dir - straight line, f/p - Zenata
Aim: Zenata, wielding a +4 triple sword and wearing a +0 ring mail (almost dead, ally target, 87% to hit)
The blast of sand hits Zenata but does no damage.
Zenata is almost dead.
* * * LOW MAGIC WARNING * * *
Your battlesphere fires!
The barrage of energy hits Zenata!
Zenata is almost dead.
Your battlesphere expends the last of its energy and dissipates.
Zenata sends weapons flying into battle!
Casting: Sandblast (safe; 0% risk of failure)
Confirm with . or Enter, or press ? or * to list all spells.
Aiming: Sandblast (safe; 0% risk of failure)
Press: ? - help, Shift-Dir - straight line, f/p - Zenata
Aim: Zenata, wielding a +4 triple sword and wearing a +0 ring mail (almost dead, 87% to hit)
The blast of sand hits Zenata but does no damage.
Zenata is almost dead.
* * * LOW MAGIC WARNING * * *
The +0 dire flail of protection completely misses you.
The +0 dire flail of protection hits you but does no damage.
The +5 mace of protection hits you!
Zenata gestures, and weapons take to the air!
The +0 dire flail of protection hits you!
The +4 long sword of flaming closely misses you.
The +5 mace of protection barely misses you.
Zenata hits you but does no damage.
Aiming: Quicksilver Bolt
Press: ? - help, Shift-Dir - straight line, f/p - Zenata
Aim: Zenata, wielding a +4 triple sword and wearing a +0 ring mail (almost dead, 75% to hit)
The bolt of dispelling energy hits Zenata!
Zenata is almost dead.
The bolt of dispelling energy hits the +2 heavy trident!
The +2 heavy trident is heavily damaged.
The +2 heavy trident's magical effects unravel!
The +3 halberd of freezing disappears in a puff of smoke!
The +0 dire flail of protection hits you.
The +5 mace of protection hits you but does no damage.
The +4 long sword of flaming hits you! The +4 long sword of flaming burns you.
The +0 dire flail of protection hits you!
The +3 war axe of flaming hits you.
The +5 mace of protection hits you but does no damage.
The +4 long sword of flaming barely misses you.
The +0 dire flail of protection hits you but does no damage.
The +3 war axe of flaming barely misses you.
The +4 long sword of flaming hits you. Zenata casts a spell at you.
A blast of power from the earth and the adjacent constructs strikes you!
* * * LOW HITPOINT WARNING * * *
The +5 mace of protection hits you but does no damage.
The +0 dire flail of protection hits you but does no damage.
The +3 war axe of flaming hits you!
* * * LOW HITPOINT WARNING * * *
The +3 war axe of flaming burns you.
* * * LOW HITPOINT WARNING * * *
The +4 long sword of flaming hits you but does no damage.
The +5 mace of protection hits you but does no damage.
The +2 heavy trident hits you from afar.
* * * LOW HITPOINT WARNING * * *
The +0 dire flail of protection hits you but does no damage.
The +3 war axe of flaming hits you!
* * * LOW HITPOINT WARNING * * *
The +3 war axe of flaming burns you.
* * * LOW HITPOINT WARNING * * *
The +4 long sword of flaming misses you.
The +5 mace of protection hits you but does no damage.
The +0 dire flail of protection hits you but does no damage.
Zenata casts a spell at you.
A blast of power from the earth and the adjacent constructs strikes you!
You die...
Zenata says, "Just more dross for the fire."
Your body crumbles into a pile of gold.

#..##...##..#....#
.
##..##.##..##....#
c.
##..###..###....#
... ##.....##
#....# ....
##...## #....#
..... ##$#####
#...c#..>...
#..(§(.#
#....'......
#...a((#
#....#a.....
#...(@.#
#....#......
#....°(#
#....#......
#......# #....#
..... #......#
#....# .....
#......# #....#
.... ########
#....# ####


You could see Zenata and 6 dancing weapons.

Vanquished Creatures
  A kraken (Shoals:4)
  Gastronok (D:11)
  An angel (Shoals:4)
  Nessos (Lair:3)
  5 merfolk javelineers
  An ettin (D:15)
  14 merfolk impalers
  Harold (D:10)
  A yaktaur captain (Vaults:1)
  4 hydras
  Erica (D:9)
  2 merfolk avatars
  2 boulder beetles
  A catoblepas (Lair:3)
  3 alligator snapping turtles (Shoals:2)
  7 centaur warriors
  8 merfolk aquamancers
  A deep troll earth mage (D:15)
  4 two-headed ogres
  3 tengu warriors
  2 demonic crawlers (Spider:1)
  An orc high priest (Orc:2)
  3 satyrs
  A death yak (Shoals:3)
  3 thrashing horrors (Lair:5)
  Urug (D:14)
  5 skysharks
  Lodul (D:12)
  3 cherubim (Shoals:4)
  An orb spider (Spider:1)
  12 sea snakes
  A lindwurm (Lair:5)
  5 harpies
  An orc knight (Orc:1)
  5 orc sorcerers
  2 deep elf pyromancers (D:15)
  17 ugly things
  3 wolf spiders (Spider:1)
  26 manticores
  11 fauns
  5 merfolk sirens
  6 cyclopes
  10 elephants
  5 water nymphs
  A vault sentinel (Vaults:1)
  An ice statue (Shoals:2)
  2 black mambas
  2 smoke demons (Lair:5)
  2 torpor snails (Spider:1)
  12 cane toads
  A cane toad (shapeshifter) (D:9)
  2 unseen horrors
  6 komodo dragons
  Jeremiah (D:6)
  4 kobold demonologists
  A rime drake (Lair:2)
  An efreet (D:13)
  2 freezing wraiths (D:15)
  Psyche (D:11)
  34 merfolk
  2 hornets
  6 trolls
  A polar bear (shapeshifter) (D:12)
  3 polar bears
  3 raiju (Lair:5)
  4 wind drakes
  Prince Ribbit (D:7)
  A tarantella (Spider:1)
  6 snapping turtles
  23 blink frogs
  3 dream sheep
  5 jumping spiders (Spider:1)
  A slime creature (Lair:5)
  7 water elementals
  A culicivora (Spider:1)
  2 shadows (D:10)
  A wraith (D:10)
  8 wyverns
  62 yaks
  A vampire (D:11)
  4 wargs
  5 basilisks
  14 fire elementals
  16 humans (D:14)
  5 redbacks (Spider:1)
  A steam dragon (shapeshifter) (Lair:5)
  2 vampire mosquitoes (D:15)
  Grum (D:9)
  3 chaos spawn (Lair:5)
  An acid dragon (D:11)
  10 water moccasins
  A water moccasin (shapeshifter) (D:14)
  13 orc warriors
  4 ice beasts
  A sky beast (D:6)
  12 ogres
  13 small abominations (Lair:5)
  A tengu (shapeshifter) (D:13)
  12 wolves
  11 centaurs
  A phantom (D:5)
  18 bullfrogs
  2 kobold brigands
  A gnoll sergeant (D:8)
  A scorpion (D:6)
  5 wights
  12 killer bees
  A bombardier beetle (D:4)
  2 electric eels (D:9)
  5 jellies
  2 hounds
  20 orc priests
  2 gnoll boudas
  4 iguanas
  2 sleepcaps
  35 orc wizards
  Robin (D:4)
  7 gnolls
  9 adders
  2 shadow imps
  2 white imps (D:7)
  A ribbon worm (D:2)
  4 dart slugs
  62 orcs
  6 endoplasms
  18 goblins
  11 hobgoblins
  2 jackals (D:2)
  10 quokkas
  5 ball pythons
  6 bats
  13 kobolds
  8 rats
  A butterfly (Lair:3)
  3 tentacles (Shoals:4)
820 creatures vanquished.

Vanquished Creatures (collateral kills)
  A skyshark (Shoals:2)
1 creature vanquished.

Vanquished Creatures (others)
  2 orcs (Orc:2)
  31 foxfires
  13 tentacles (Shoals:4)
46 creatures vanquished.

Grand Total: 867 creatures vanquished

Notes
Turn   | Place    | Note
-------+----------+-------------------------------------------
     0 | D:1      | sleeves the Gargoyle Cinder Acolyte began the quest for the
                  | Orb.
     0 | D:1      | Reached XP level 1. HP: 14/14 MP: 2/2
    49 | D:1      | Learned a level 1 spell: Sandblast
   115 | D:1      | Reached skill level 1 in Earth Magic
   185 | D:1      | Reached skill level 2 in Earth Magic
   185 | D:1      | Reached XP level 2. HP: 12/19 MP: 3/3
   231 | D:1      | You fall into a shaft and drop 1 floor!
   489 | D:1      | Reached skill level 3 in Earth Magic
   541 | D:1      | Reached XP level 3. HP: 23/23 MP: 4/4
   917 | D:2      | Reached skill level 4 in Earth Magic
  1026 | D:2      | Reached XP level 4. HP: 28/28 MP: 5/5
  1032 | D:2      | Identified the +1 cloak of the Beloved God {Regen+ SInv}
  1241 | D:3      | Found Hoximos's Book Shoppe.
  1296 | D:3      | Found a glowing golden altar of the Shining One.
  1491 | D:3      | Reached skill level 5 in Earth Magic
  1707 | D:4      | Found a hazy altar of Hepliaklqana.
  1738 | D:4      | Reached XP level 5. HP: 25/32 MP: 6/6
  1753 | D:4      | Noticed Robin
  1762 | D:4      | Found a staircase to the Ecumenical Temple.
  1834 | D:4      | Reached skill level 6 in Earth Magic
  1964 | D:4      | Reached XP level 6. HP: 37/37 MP: 4/7
  2267 | D:4      | Killed Robin
  2268 | D:4      | Reached skill level 7 in Earth Magic
  2695 | D:5      | Entered Level 5 of the Dungeon
  2787 | D:5      | Found a shadowy altar of Dithmenos.
  2872 | D:5      | Noticed a wyvern
  2881 | D:5      | Killed a wyvern
  2882 | D:5      | Reached skill level 8 in Earth Magic
  2882 | D:5      | Reached XP level 7. HP: 35/41 MP: 5/8
  2925 | D:5      | Reached skill level 9 in Earth Magic
  2950 | D:5      | Reached skill level 10 in Earth Magic
  2995 | D:5      | Reached XP level 8. HP: 46/46 MP: 3/9
  2999 | D:5      | Learned a level 3 spell: Stone Arrow
  3056 | D:5      | Reached skill level 1 in Conjurations
  3277 | D:5      | Reached skill level 2 in Spellcasting
  3412 | D:6      | Reached skill level 2 in Conjurations
  3463 | D:6      | Found a sparkling altar of Nemelex Xobeh.
  3463 | D:6      | Found a transporter.
  3463 | D:6      | Noticed a kobold demonologist
  3627 | D:6      | Reached skill level 3 in Conjurations
  3649 | D:6      | Reached skill level 3 in Spellcasting
  3649 | D:6      | Reached skill level 11 in Earth Magic
  3811 | D:6      | Noticed Jeremiah
  3915 | D:6      | Reached skill level 4 in Conjurations
  3999 | D:6      | Killed Jeremiah
  4000 | D:6      | Reached skill level 4 in Spellcasting
  4000 | D:6      | Reached skill level 5 in Conjurations
  4000 | D:6      | Reached XP level 9. HP: 45/51 MP: 5/15
  4182 | D:6      | Found a hide-covered altar of Uskayaw.
  4521 | D:7      | Noticed a boulder beetle
  4521 | D:7      | Noticed an unseen horror
  4521 | D:7      | Noticed a troll
  4521 | D:7      | Noticed a cyclops
  4521 | D:7      | Noticed a manticore
  4558 | D:7      | Killed an unseen horror
  4559 | D:7      | Reached skill level 5 in Spellcasting
  4559 | D:7      | Reached skill level 6 in Conjurations
  4653 | D:7      | Learned a level 4 spell: Brom's Barrelling Boulder
  4657 | D:7      | Learned a level 3 spell: Passwall
  4680 | D:7      | Noticed Prince Ribbit
  4698 | D:7      | HP: 25/51 [Prince Ribbit (7)]
  4699 | D:7      | HP: 5/51 [Prince Ribbit (15)]
  4712 | D:7      | Noticed a hornet
  4723 | D:7      | Killed a hornet
  4736 | D:7      | Killed Prince Ribbit
  4737 | D:7      | Reached skill level 6 in Spellcasting
  4737 | D:7      | Reached skill level 7 in Conjurations
  4984 | D:7      | HP: 24/51 [cyclops/large rock (27)]
  5053 | D:7      | Noticed a troll
  5063 | D:7      | Killed a troll
  5290 | D:8      | Found a staircase to the Lair.
  5353 | D:8      | Reached XP level 10. HP: 55/56 MP: 17/19
  5425 | D:8      | Reached skill level 8 in Conjurations
  5542 | D:8      | Reached skill level 7 in Spellcasting
  5592 | D:8      | Reached skill level 1 in Shields
  5646 | D:8      | Reached skill level 2 in Shields
  5907 | D:9      | Reached skill level 3 in Shields
  5919 | D:9      | Noticed Grum
  5926 | D:9      | Reached skill level 9 in Conjurations
  5928 | D:9      | Killed Grum
  6182 | D:9      | Noticed a two-headed ogre
  6215 | D:8      | Reached skill level 4 in Shields
  6285 | D:9      | Noticed a cane toad
  6290 | D:9      | Killed a cane toad
  6291 | D:9      | Reached skill level 8 in Spellcasting
  6491 | D:9      | Reached skill level 5 in Shields
  6491 | D:9      | Reached XP level 11. HP: 60/60 MP: 18/23
  6563 | D:9      | Reached skill level 10 in Conjurations
  6801 | D:9      | Killed a two-headed ogre
  6802 | D:9      | Reached skill level 9 in Spellcasting
  6988 | D:9      | Found a glowing silver altar of Zin.
  7242 | D:9      | Noticed Erica
  7258 | D:9      | Killed Erica
  7259 | D:9      | Reached skill level 10 in Spellcasting
  7259 | D:9      | Reached skill level 1 in Armour
  7432 | D:9      | Found a sacrificial altar of Ru.
  7432 | D:9      | Found a white marble altar of Elyvilon.
  7565 | D:10     | Entered Level 10 of the Dungeon
  7659 | D:10     | Noticed Harold
  7675 | D:10     | HP: 12/60 [Harold/+0 dire flail (22)]
  7677 | D:10     | Killed Harold
  7678 | D:10     | Reached skill level 4 in Fighting
  7678 | D:10     | Reached skill level 2 in Armour
  7975 | D:10     | Found a transporter.
  7977 | D:10     | Noticed a two-headed ogre
  7977 | D:10     | Noticed Posi's ghost (journeyman GnGl)
  7977 | D:10     | Noticed a two-headed ogre
  7978 | D:10     | Noticed a two-headed ogre
  7978 | D:10     | Noticed a two-headed ogre
  8142 | D:11     | Reached skill level 3 in Armour
  8286 | D:11     | Noticed a manticore
  8292 | D:11     | Killed a manticore
  8293 | D:11     | Reached skill level 5 in Fighting
  8444 | D:11     | Noticed a two-headed ogre
  8591 | D:11     | Noticed Gastronok
  8655 | D:11     | Killed Gastronok
  8656 | D:11     | Reached skill level 4 in Armour
  8656 | D:11     | Reached skill level 12 in Earth Magic
  8656 | D:11     | Reached XP level 12. HP: 45/69 MP: 5/26
  8818 | D:11     | Noticed Psyche
  8823 | D:11     | Killed Psyche
  8824 | D:11     | Reached skill level 6 in Fighting
  9046 | D:11     | Noticed Snorg
  9065 | D:11     | HP: 20/70 [Snorg (17)]
  9132 | D:11     | Reached skill level 5 in Armour
  9436 | D:11     | Killed a two-headed ogre
  9631 | D:12     | Found Zuwacok's Weapon Emporium.
  9730 | D:12     | Noticed a two-headed ogre
  9781 | D:12     | Killed a two-headed ogre
  9782 | D:12     | Reached skill level 7 in Fighting
  9885 | D:12     | Reached skill level 6 in Armour
 10080 | D:12     | Learned a level 5 spell: Borgnjor's Vile Clutch
 10126 | D:12     | Noticed DiddlyDoom's ghost (journeyman GrBe)
 10130 | D:12     | Found a runed translucent door.
 10151 | D:12     | Noticed Lodul
 10364 | D:12     | Killed Lodul
 10365 | D:12     | Reached skill level 13 in Earth Magic
 10631 | D:12     | Found a staircase to the Orcish Mines.
 10834 | D:12     | Reached skill level 8 in Fighting
 10919 | D:12     | Noticed a boulder beetle
 10937 | D:12     | Killed a boulder beetle
 11521 | Lair:1   | Entered Level 1 of the Lair of Beasts
 11940 | Lair:1   | Reached skill level 9 in Fighting
 12585 | Lair:2   | Reached skill level 14 in Earth Magic
 12633 | Lair:2   | Noticed a five-headed hydra
 12640 | Lair:2   | Killed a five-headed hydra
 12763 | Lair:2   | Reached XP level 13. HP: 80/80 MP: 21/27
 12805 | Lair:1   | HP: 38/80 [komodo dragon (5)]
 13099 | Lair:2   | Reached skill level 10 in Fighting
 13209 | Lair:2   | Reached skill level 15 in Earth Magic
 13272 | Lair:2   | Found a hole to the Spider Nest.
 13580 | Lair:2   | Found a glowing silver altar of Zin.
 13582 | Lair:2   | HP: 34/82 [centaur/arrow (10)]
 14087 | Lair:3   | Found a runed translucent door.
 14089 | Lair:3   | Noticed Gryn's ghost (journeyman SpEE)
 14089 | Lair:3   | Identified the +7 spear of Valiance {heavy, Fly rPois rF-}
 14112 | Lair:3   | Reached skill level 11 in Spellcasting
 14482 | Lair:3   | Found a staircase to the Shoals.
 15110 | Lair:3   | Reached skill level 12 in Spellcasting
 15697 | Lair:3   | HP: 37/82 [yak (10)]
 15925 | Lair:4   | Reached skill level 13 in Spellcasting
 16101 | Lair:3   | Gained mutation: Your large and strong wings let you fly.
                  | [Gargoyle growth]
 16101 | Lair:3   | Reached XP level 14. HP: 88/88 MP: 28/31
 16121 | Lair:4   | Noticed Nessos
 16136 | Lair:3   | Killed Nessos
 17068 | Lair:5   | Entered Level 5 of the Lair of Beasts
 17117 | Lair:5   | Reached skill level 14 in Spellcasting
 17119 | Lair:5   | HP: 43/88 [white ugly thing (13)]
 17489 | Lair:5   | Found a staircase to the Slime Pits.
 17489 | Lair:5   | Found a viscous altar of Jiyva.
 18121 | Lair:5   | Reached skill level 15 in Spellcasting
 18244 | Lair:5   | Reached skill level 1 in Dodging
 18461 | Lair:5   | Reached skill level 2 in Dodging
 18529 | Lair:5   | Reached skill level 7 in Armour
 18579 | Lair:5   | Found a corrupted altar of Lugonu.
 18579 | Lair:5   | Found a one-way gate to the infinite horrors of the Abyss.
 18603 | Lair:5   | Learned a level 5 spell: Iskenderun's Battlesphere
 18609 | Lair:5   | Learned a level 5 spell: Fireball
 19101 | Temple   | Entered the Ecumenical Temple
 19123 | Temple   | Fell from the grace of Ignis
 19123 | Temple   | Became a worshipper of Gozag Ym Sagoz the Greedy
 19342 | Orc:1    | Entered Level 1 of the Orcish Mines
 19435 | Orc:1    | Found a roughly hewn altar of Beogh.
 19544 | Orc:1    | You are sucked into a shaft and drop 1 floor!
 19544 | Orc:2    | Entered Level 2 of the Orcish Mines
 19544 | Orc:2    | Found Nusoapo's Distillery.
 19544 | Orc:2    | Found Miask's General Store.
 19544 | Orc:2    | Found Epta's Jewellery Boutique.
 19544 | Orc:2    | Found Moakhlu's Jewellery Boutique.
 19549 | Orc:2    | Reached skill level 3 in Dodging
 19553 | Orc:2    | Noticed Rupert
 19557 | Orc:2    | Paralysed by Rupert for 2 turns
 19561 | Orc:2    | Found a staircase to the Elven Halls.
 20642 | Orc:2    | Reached skill level 8 in Armour
 20898 | Orc:2    | Reached skill level 4 in Dodging
 21178 | Orc:2    | Noticed Sonja
 21178 | Orc:2    | Noticed Donald
 21369 | D:13     | Reached XP level 15. HP: 79/92 MP: 24/34
 21846 | D:13     | HP: 38/92 [centaur warrior/arrow (18)]
 22019 | D:13     | HP: 27/92 [centaur warrior/arrow (25)]
 22021 | D:13     | Reached skill level 9 in Armour
 22192 | D:13     | Reached skill level 5 in Dodging
 22712 | D:14     | Noticed Urug
 22712 | D:14     | Found a gate to the Vaults.
 23438 | D:14     | Reached skill level 10 in Armour
 23466 | D:14     | Reached skill level 6 in Dodging
 23674 | D:14     | Was forgiven by Ignis
 23839 | D:14     | Killed Urug
 23841 | D:14     | HP: 30/92 [cyclops/large rock (24)]
 23986 | D:15     | Entered Level 15 of the Dungeon
 24247 | D:15     | Reached skill level 7 in Dodging
 24424 | D:15     | Found a staircase to the Depths.
 24840 | D:15     | Reached skill level 8 in Dodging
 25092 | D:15     | Found a sparkling altar of Nemelex Xobeh.
 25529 | D:15     | HP: 45/92 [freezing wraith (11)]
 25930 | Shoals:1 | Entered Level 1 of the Shoals
 26132 | Shoals:1 | Found Ezigeloa's General Store.
 26141 | Shoals:1 | Bought a scroll of revelation for 97 gold pieces
 26198 | Shoals:1 | Found a runed translucent gate.
 26199 | Shoals:1 | Found a runed translucent gate.
 26328 | Shoals:1 | Found a runed translucent gate.
 26599 | Shoals:1 | Reached skill level 9 in Dodging
 27116 | Shoals:1 | Noticed CougarLife's ghost (adept GrEE)
 27142 | Shoals:2 | Found Botoesk's Armour Shoppe.
 27167 | Shoals:2 | HP: 45/92 [merfolk impaler/+2 trident of freezing (8)]
 27172 | Shoals:2 | HP: 44/92 [barbs]
 27177 | Shoals:1 | HP: 43/92 [barbs]
 27355 | Shoals:2 | Reached XP level 16. HP: 91/97 MP: 9/35
 27501 | Shoals:2 | Reached skill level 10 in Dodging
 27537 | Shoals:2 | Found a flickering gateway to a bazaar.
 27542 | Bazaar   | Entered a bazaar
 27542 | Bazaar   | Found Wyobbiow's Armour Shoppe.
 27542 | Bazaar   | Found Ecvacwab's General Store.
 27542 | Bazaar   | Found Jyts's Antique Armour Emporium.
 27659 | Bazaar   | Found Oziaserch's Magic Scroll Emporium.
 27664 | Bazaar   | Bought a scroll of enchant armour for 135 gold pieces
 27667 | Bazaar   | Bought a scroll of blinking for 90 gold pieces
 27667 | Bazaar   | Bought 2 scrolls of blinking for 180 gold pieces
 27667 | Bazaar   | Bought a scroll of fog for 48 gold pieces
 27667 | Bazaar   | Bought a scroll of enchant armour for 90 gold pieces
 27667 | Bazaar   | Bought a scroll of identify for 24 gold pieces
 27690 | Bazaar   | Bought a crude helmet for 237 gold pieces
 27690 | Bazaar   | Identified the +0 helmet "Ynay" {rElec} (You bought it in a
                  | shop in a bazaar)
 27690 | Bazaar   | Bought a glimmering scale mail for 225 gold pieces
 27690 | Bazaar   | Identified the +5 scale mail of the Kraken {rC+ Regen+
                  | rCorr} (You bought it in a shop in a bazaar)
 27690 | Bazaar   | Bought a pair of warped gloves for 237 gold pieces
 27690 | Bazaar   | Identified the +0 pair of gloves of Pride {Rampage Int+3}
                  | (You bought it in a shop in a bazaar)
 27717 | Bazaar   | Bought a potion of resistance for 180 gold pieces
 27751 | Shoals:2 | Found a glacial archway.
 27762 | Shoals:2 | Reached skill level 11 in Conjurations
 27810 | Shoals:2 | HP: 47/97 [something (11)]
 28025 | Shoals:2 | Identified the +6 shortbow "Upuolug" {elec, rF+ Int+8}
 28071 | Shoals:2 | Learned a level 6 spell: Starburst
 28074 | Shoals:2 | Learned a level 2 spell: Blink
 28076 | Shoals:2 | Learned a level 1 spell: Apportation
 28570 | Shoals:2 | Reached skill level 12 in Conjurations
 28636 | Shoals:2 | HP: 43/97 [alligator snapping turtle (22)]
 28790 | Shoals:2 | HP: 42/97 [alligator snapping turtle (28)]
 29025 | Shoals:2 | Found Qemiqam's Assorted Antiques.
 29253 | Shoals:2 | Found Koutoq's Book Shop.
 29276 | Shoals:2 | Found Niatrymu's Magic Scroll Boutique.
 29426 | Shoals:2 | Bought a scroll of amnesia for 68 gold pieces
 30037 | Shoals:3 | Reached skill level 13 in Conjurations
 30767 | Shoals:3 | Found Tyewn's Assorted Antiques.
 31297 | Shoals:3 | Reached skill level 14 in Conjurations
 31779 | Shoals:3 | Bought a scroll of teleportation for 81 gold pieces
 32212 | Shoals:4 | Entered Level 4 of the Shoals
 32558 | Shoals:4 | HP: 45/97 [merfolk javelineer/silver javelin (8)]
 32559 | Shoals:4 | Reached skill level 15 in Conjurations
 32858 | Shoals:4 | HP: 38/97 [cyclops/large rock (20)]
 33206 | Shoals:3 | Reached XP level 17. HP: 95/104 MP: 15/36
 33363 | Shoals:4 | Reached skill level 11 in Fighting
 33647 | Shoals:4 | Found a white marble altar of Elyvilon.
 34111 | Shoals:4 | Reached skill level 12 in Fighting
 34476 | Shoals:4 | Noticed a kraken
 34696 | Shoals:4 | Killed a kraken
 34837 | Shoals:4 | Reached skill level 13 in Fighting
 35079 | Shoals:4 | Found a glowing silver altar of Zin.
 35529 | Shoals:4 | Got a barnacled rune of Zot
 35560 | Shoals:4 | Found a glowing golden altar of the Shining One.
 35575 | Shoals:4 | Identified the +3 ring mail of Moral Flaws {rC++ SInv
                  | Stlth-}
 35750 | Spider:1 | Entered Level 1 of the Spider Nest
 36446 | Spider:1 | Reached skill level 14 in Fighting
 37117 | Vaults:1 | Entered Level 1 of the Vaults
 37244 | Vaults:1 | Noticed Zenata
 37344 | Vaults:1 | HP: 34/111 [Zenata/a resonance strike (34)]
 37345 | Vaults:1 | HP: 13/111 [+3 war axe of flaming[Zenata] (12)]
 37345 | Vaults:1 | Killed from afar by Zenata

Illustrated notes

Levels and vault maps discovered:
D:1:      giann_wishing_wells, layout_basic, due_unseen_surprise
D:2:      layout_rooms
D:3:      layout_rooms, tso_metal_star, serial_shops, nicolae_book_shop_shelving
D:4:      layout_basic, old_standard_altar, minmay_temple_entry_mist, uniq_robin
D:5:      layout_gridville, grunt_dithmenos_shadows, serial_glass,
          glass_columns_a, glass_columns_b, glass_columns_c, glass_columns_c
D:6:      layout_cave_pools, grunt_nemelex_the_gamble,
          mainiacjoe_overflow_cross_hatched, serial_glass, glass_columns_c,
          glass_columns_a, uniq_jeremiah
D:7:      minmay_the_grid_octo_tiled_squarecenter [minmay_the_grid_octo_horde,
          minmay_the_grid_octo_shrine, minmay_the_grid_octo_tetromino_candy,
          minmay_the_grid_octo_toaster,
          minmay_the_grid_square_5x5_megaprize_open,
          minmay_the_grid_square_5x5_shrine2,
          minmay_the_grid_square_5x5_two_walls_a,
          minmay_the_grid_square_5x5_doubleslash,
          minmay_the_grid_square_5x5_bridge], layout_loops_cross,
          minmay_misc_feat_secret_circle, uniq_prince_ribbit1
D:8:      layout_basic, lair_entry_dummy, kennysheep_small_square
D:9:      corexii_shack_village, layout_basic, general_overflow_altar,
          gammafunk_temple_overflow_pools, abandoned_shop, uniq_erica, uniq_grum
D:10:     layout_rooms, gammafunk_ghost_smash, uniq_harold
D:11:     layout_irregular_city, uniq_psyche, uniq_snorg, uniq_gastronok
D:12:     layout_cave_pods, orc_0_dummy, serial_shops, shop,
          hellmonk_ghost_happy_afterlife, uniq_lodul
D:13:     layout_long_grid
D:14:     layout_roguey, david_vaults_3, infiniplex_staircase_pillars_2
D:15:     hellmonk_depths_entry_around_the_bend, layout_cave_pods,
          dk_noncrumbling_4, nemelex_xobeh_ov_fountains_minmay
Temple:   jpeg_temple_clearing
Lair:1:   layout_cave_pods, chequers_serial_rivers_micro_d,
          infiniplex_staircase_pool
Lair:2:   layout_misc_corridors, spider_nest_entry_web_field,
          serial_bayou_pond_e, lemuel_centaur_altar, serial_bayou_shore_b,
          uniq_urug
Lair:3:   layout_long_grid, nicolae_shoals_entry_roost,
          ebering_ghost_funeral_grove, lemuel_fruit_fields, serial_bayou_shore_a
Lair:4:   layout_hall_layers, grunt_megastairs_1, uniq_nessos
Lair:5:   hellmonk_lair_end_abyssal_woods, layout_misc_corridors,
          minmay_slime_entry_pillars, lemuel_fruit_tree
Shoals:1: layout_shoals, serial_shops, shop, gammafunk_ghost_necromancy
Shoals:2: layout_shoals, portal_ice_cave_entry_ice_statue_one, serial_shops,
          bzr_entry_road, shop, nicolae_shop_overgrown_old_shop,
          nicolae_shop_pleasant_corner_grove, nicolae_stop_n_shop_2
Shoals:3: layout_shoals, serial_shops, nicolae_shop_crystal
Shoals:4: shoals_end_hellmonk_holy_island
Spider:1: layout_spider_delve, hangedman_spider_tarantella_strand
Orc:1:    layout_diamond_mine, basic_altar
Orc:2:    st_orc_mages, layout_caves, guppyfry_library_mini, uniq_sonja,
          uniq_rupert, uniq_donald
Vaults:1: v_misc_14, grunt_vaults_funnel, nicolae_vaults_storage_closets_3,
          vaults_room_pool, serial_ice_b, vaults_dpeg_encased_lava,
          layout_vaults_omnigrid, uniq_zenata, uniq_saint_roka

Skill      XL: |  1  2  3  4  5  6  7  8  9 10 11 12 13 14 15 16 17 |
---------------+----------------------------------------------------+-----
Earth Magic    | 2 3 4 5 6 8 10 11 12 14 15 | 15.0
Conjurations   | 5 7 9 10 15 | 15.0
Spellcasting   | 4 6 8 10 13 15 | 15.0
Shields        | 5 |  5.0
Armour         | 4 6 8 10 | 10.0
Fighting       | 5 9 10 14 | 14.1
Dodging        | 4 9 10 | 10.0
Maces & Flails | |  3.0
Fire Magic     | |  3.0

Action                     |  1- 3 |  4- 6 |  7- 9 | 10-12 | 13-15 | 16-18 || total
---------------------------+-------+-------+-------+-------+-------+-------++-------
  Melee: Mace              |    44 |       |    22 |    22 |     7 |       ||    95
         Whip              |    52 |   181 |    32 |       |       |       ||   265
         Staff             |       |       |       |       |     1 |    40 ||    41
   Fire: Shortbow          |       |       |       |       |       |    27 ||    27
   Cast: Sandblast         |       |    15 |    79 |   259 |   744 |   125 ||  1222
         Stone Arrow       |       |       |    13 |    95 |   204 |    81 ||   393
         Brom's Barrelling |       |       |     3 |    29 |     3 |       ||    35
         Borgnjor's Vile C |       |       |       |     2 |     2 |       ||     4
         Iskenderun's Batt |       |       |       |       |    60 |    61 ||   121
         Fireball          |       |       |       |       |    31 |   175 ||   206
         Starburst         |       |       |       |       |       |     1 ||     1
 Invoke: Fiery Armour      |       |     1 |     2 |       |       |       ||     3
         Foxfire Swarm     |       |       |     3 |     1 |       |       ||     4
         Rising Flame      |       |       |       |     1 |       |       ||     1
         Potion Petition   |       |       |       |       |       |     1 ||     1
  Evoke: Wand              |       |       |     7 |     2 |     6 |    28 ||    43
         Phantom mirror    |       |       |       |       |     1 |     2 ||     3
    Use: Scroll            |       |       |       |     2 |     6 |    25 ||    33
         Potion            |       |       |       |       |       |     1 ||     1
 Armour: Robe              |    47 |   131 |   110 |       |       |       ||   288
         Troll leather arm |       |       |     1 |   276 |   797 |    22 ||  1096
         Scale mail        |       |       |       |       |       |   423 ||   423
  Dodge: Dodged            |    68 |   114 |    74 |   207 |   422 |   187 ||  1072
  Block: Buckler           |       |       |       |    24 |   154 |    16 ||   194

Table legend: (Time is in decaauts)
 A = Elapsed time spent in this place.
 B = Non-inter-level travel time spent in this place.
 C = Inter-level travel time spent in this place.
 D = Time resting spent in this place.
 E = Time spent auto-exploring this place.
 F = Levels seen in this place.
 G = Mean time per level.
                   A        B        C        D        E       F      G
               +--------+--------+--------+--------+--------+-----+--------+
         Total |  38103 |  35020 |   3083 |   3526 |  25282 |  30 | 1270.1 |
       Dungeon |  17380 |  15595 |   1785 |    742 |  11894 |  15 | 1158.7 |
        Temple |     44 |      1 |     43 |      0 |      0 |   1 |   44.0 |
          Lair |   8090 |   7584 |    506 |    526 |   5672 |   5 | 1618.0 |
        Shoals |   9666 |   9164 |    502 |   2189 |   5759 |   4 | 2416.5 |
   Spider Nest |    771 |    677 |     94 |      5 |    554 |   1 |  771.0 |
  Orcish Mines |   1810 |   1661 |    149 |     63 |   1161 |   2 |  905.0 |
        Vaults |    164 |    164 |      0 |      0 |    121 |   1 |  164.0 |
        Bazaar |    175 |    175 |      0 |      0 |    120 |   1 |  175.0 |
               +--------+--------+--------+--------+--------+-----+--------+

Top non-repeatable levels by time:
Shoals:3: 3217 daAuts
Shoals:2: 2965 daAuts
    D:12: 2308 daAuts
  Lair:3: 2004 daAuts
Shoals:4: 1871 daAuts
  Lair:5: 1860 daAuts
     D:9: 1782 daAuts
  Lair:2: 1778 daAuts
    D:15: 1728 daAuts
Shoals:1: 1612 daAuts
    D:11: 1437 daAuts
    D:14: 1402 daAuts
  Lair:1: 1252 daAuts
    D:13: 1208 daAuts
   Orc:1: 1203 daAuts
